 Dungeon Crawl Stone Soup version 0.17.0-56-gd8de76c (webtiles) character file.

170 DeXoteric the Chopper (level 5, 0/48 HPs)
             Began as a Hill Orc Chaos Knight on Dec 5, 2015.
             Succumbed to an orc wizard's poison
             ... on level 3 of the Dungeon.
             The game lasted 00:07:14 (2493 turns).

DeXoteric the Chopper (Hill Orc Chaos Knight)       Turns: 2493, Time: 00:07:15

Health: 0/48       AC:  9    Str: 16    XL:     5   Next: 50%
Magic:  5/5        EV: 11    Int: 12    God:    Xom [.*....]
Gold:   112        SH:  0    Dex: 10    Spells: 0 memorised, 4 levels left

rFire  . . .     SeeInvis .     a - +0 hand axe (chaos)
rCold  . . .     Clarity  +     b - +2 leather armour
rNeg   . . .     SustAt   .     (no shield)
rPois  .         Gourm    .     (no helmet)
rElec  .         Spirit   .     (no cloak)
rCorr  .         Warding  .     (no gloves)
rMut   .         Stasis   .     (no boots)
MR     .....                    (no amulet)
Stlth  +.........               (no ring)
                                (no ring)

@: lethally poisoned (0 -> -13), not resistant to hostile enchantments, very
unstealthy
A: iridescent scales 1, clarity
a: Renounce Religion


You were on level 3 of the Dungeon.
You worshipped Xom.
You were a plaything of Xom.
You were not hungry.

You visited 1 branch of the dungeon, and saw 3 of its levels.

You collected 112 gold pieces.

Inventory:

Hand Weapons
 a - a +0 hand axe of chaos (weapon)
Armour
 b - a +2 leather armour (worn)
 o - a +0 chain mail
Jewellery
 k - a cursed -3 ring of dexterity {unknown}
Wands
 l - a wand of slowing (5)
Scrolls
 e - 2 scrolls of remove curse {unknown}
 f - a scroll of fear {unknown}
 g - a scroll of noise {unknown}
 h - a scroll of recharging {unknown}
 j - a scroll of magic mapping {unknown}
 n - 2 scrolls of identify {unknown}
 p - 3 scrolls of teleportation {unknown}
Potions
 d - 2 potions of mutation {unknown}
 i - 2 potions of agility {unknown}
 m - a potion of cure mutation {unknown}
 q - 2 potions of curing {unknown}
 t - a potion of brilliance {unknown}
 u - a potion of resistance {unknown}
 v - a potion of poison {unknown}
Comestibles
 c - 4 bread rations
 r - 2 meat rations
 s - 3 chunks of flesh


   Skills:
 + Level 5.2 Fighting
 * Level 6.7 Axes
 - Level 2.1 Armour
 - Level 0.7 Dodging


You had 4 spell levels left.
You didn't know any spells.

Dungeon Overview and Level Annotations

Branches:
Dungeon (3/15)

Altars:


Innate Abilities, Weirdness & Mutations

You are partially covered in iridescent scales (AC +4).
You possess an exceptional clarity of mind.


Message History

* * * LOW HITPOINT WARNING * * *
You feel sick.
Things that are here:
a dagger of venom; a robe; an orc corpse You butcher the orc corpse.
* * * LOW HITPOINT WARNING * * *
You feel sick.
Things that are here:
a dagger of venom; a robe; a chunk of flesh Autopickup is now off.
Autopickup is now on.
There is a lethal amount of poison in your body!
* * * LOW HITPOINT WARNING * * *
You feel sick.
* * * LOW HITPOINT WARNING * * *
You feel sick.
* * * LOW HITPOINT WARNING * * *
You feel sick.
You die...
Xom howls with laughter!

..............#.#....##.......
##.#.##.##[.##.#.#....##.......
#.#. #.###.##.#.#....##.......
# #. #.##.#.#....##.#####. #
#.##.#.# ...##. ##
#.###..#.#.#....#
............#....##
.........5.........
#######.#o#.####.##
.####.#.#ยง# ......#.#.####.
#........... #...........
#....#.#.##. #....#.#.#
#..#>#.#.# #..#.#.# #


You could see a friendly ufetubus.

Vanquished Creatures
  An orc wizard (D:3)
  A giant frog skeleton (D:3)
  Terence (D:2)
  A gnoll (D:2)
  2 adders
  5 worms
  6 hobgoblins
  A quokka (D:2)
  2 ball pythons
  9 bats
  3 giant newts (D:1)
  8 goblins
  6 kobolds
  6 rats
52 creatures vanquished.

Notes
Turn   | Place    | Note
--------------------------------------------------------------
     0 | D:1      | DeXoteric the Hill Orc Chaos Knight began the quest for the Orb.
     0 | D:1      | Reached XP level 1. HP: 19/19 MP: 1/1
   115 | D:1      | XOM: harmless Necr miscast
   122 | D:1      | XOM: divination: magic mapping
   307 | D:1      | Reached XP level 2. HP: 27/27 MP: 2/2
   631 | D:2      | XOM: stealth player
   685 | D:2      | Noticed Terence
   694 | D:2      | Killed Terence
   694 | D:2      | Reached skill level 5 in Axes
   694 | D:2      | Reached XP level 3. HP: 32/34 MP: 3/3
   835 | D:2      | Found a faded altar to an unknown god.
   884 | D:2      | XOM: divination: magic mapping
   949 | D:2      | Reached XP level 4. HP: 14/41 MP: 4/4
  1085 | D:2      | XOM: colour smoke trail
  1437 | D:2      | XOM: divination: detect items
  1789 | D:2      | Reached skill level 6 in Axes
  1827 | D:2      | XOM: mild Ice miscast
  1914 | D:2      | XOM: give mutations
  1914 | D:2      | Gained mutation: You possess an exceptional clarity of mind. [Xom's grace]
  1914 | D:2      | Gained mutation: You are partially covered in iridescent scales (AC +4). [Xom's grace]
  2157 | D:2      | XOM: 1-stop teleportation journey
  2296 | D:3      | Reached skill level 5 in Fighting
  2296 | D:3      | Reached XP level 5. HP: 41/48 MP: 5/5
  2462 | D:3      | XOM: summons friendly ufetubus
  2463 | D:3      | XOM: fog
  2492 | D:3      | HP: 2/48 [poisoned by an orc wizard]
  2493 | D:3      | Succumbed to an orc wizard's poison

Action                   |  1- 3 |  4- 6 || total
-------------------------+-------+-------++-------
Melee: Hand axe          |    88 |   114 ||   202
 Stab: Sleeping          |     1 |       ||     1
       Paralysed         |       |     1 ||     1
       Petrifying        |       |     1 ||     1
  Eat: Chunk             |       |     5 ||     5
